AoeStats
← りしれ供さ小

African Clearing

510710857Analyzed
4v4 RM · 14h ago on Oct 2, 2026· 62m 47s· 8 players
Game mode
Random Map
Map size
Large (8 player)
Population
200
Speed
Normal
Resources
Standard
Victory
Conquest
Starting age
Dark Age
Ending age
Imperial Age
RankedLock teamsTeams togetherTeam positionsShared explorationLock speedFull tech treeHidden civsTurbo modeCheats
Victory
Defeat
🇹🇼 Wei · Taiwan
891
+16
🇹🇼 Vietnamese · Taiwan
891
+16
🇹🇼 Cumans · Taiwan
884
+17
🇵🇪 Byzantines · Peru
822
+19
🇩🇪 Huns · Germany
918
-18
🇦🇷 Celts · Argentina
893
-17
🇪🇸 Britons · Spain
888
-17
🇭🇰 Persians · Hong Kong SAR China
878
-16
frankonil
8:11 Loom
15:35 Feudal Age
21:30 Castle Age
20:16 Town Watch
20:23 Double-Bit Axe
22:29 Bow Saw
22:30 Gold Mining
26:39 Stone Mining
28:26 Wheelbarrow
28:26 Horse Collar
31:08 Ballistics
34:06 Gold Shaft Mining
33:46 Treadmill Crane
36:37 Murder Holes
36:52 Fletching
40:36 Imperial Age
39:39 Bodkin Arrow
40:27 Padded Archer Armor
43:21 Chemistry
42:44 Bracer
45:08 Leather Archer Armor
44:54 Elite Longbowman
45:31 Pikeman
50:01 Hand Cart
50:41 Yeomen
50:27 Town Patrol
52:07 Hoardings
53:44 Ring Archer Armor
53:46 Halberdier
56:57 Warwolf
julian_venom
3:25 Loom
13:28 Feudal Age
14:49 Wheelbarrow
17:54 Double-Bit Axe
18:42 Horse Collar
20:04 Man-at-Arms
30:33 Castle Age
28:46 Gold Mining
30:45 Stone Mining
31:24 Bloodlines
31:32 Hand Cart
31:31 Bow Saw
31:42 Heavy Plow
37:39 Imperial Age
35:54 Marauders
37:53 Husbandry
41:27 Caravan
42:18 Scale Barding Armor
43:07 Elite Tarkan
45:45 Chain Barding Armor
45:58 Conscription
49:32 Plate Barding Armor
51:59 Cavalier
55:22 Paladin
jacky
5:44 Loom
15:46 Feudal Age
20:51 Castle Age
30:51 Fletching
32:09 Bodkin Arrow
32:26 Forging
37:37 Imperial Age
37:15 Gold Mining
41:20 Wheelbarrow
41:44 Pikeman
42:09 Arson
42:31 Halberdier
49:48 Scale Barding Armor
50:18 Iron Casting
52:35 Hand Cart
52:13 Double-Bit Axe
triplefives
6:07 Loom
18:12 Feudal Age
19:35 Wheelbarrow
20:25 Forging
20:05 Fletching
20:19 Arson
20:35 Horse Collar
25:48 Castle Age
25:02 Gold Mining
25:40 Stone Mining
26:58 Husbandry
27:09 Bloodlines
27:12 Double-Bit Axe
29:15 Bodkin Arrow
29:57 Elite Skirmisher
33:46 Hand Cart
33:52 Murder Holes
36:10 Bow Saw
39:53 Imperial Age
38:33 Stone Shaft Mining
38:11 Heavy Plow
39:09 Gold Shaft Mining
41:18 Two-Man Saw
41:33 Citadels
42:04 Conscription
42:41 Crop Rotation
42:50 Cavalier
43:23 Heavy Camel Rider
45:12 Hoardings
48:34 Iron Casting
47:59 Scale Mail Armor
48:05 Scale Barding Armor
49:16 Elite War Elephant
51:49 Blast Furnace
51:04 Chain Mail Armor
55:42 Light Cavalry
58:13 Chain Barding Armor
61:07 Hussar
Atila
17:47 Feudal Age
18:51 Feudal Age
20:43 Loom
20:49 Double-Bit Axe
26:34 Fletching
武安侯
12:55 Feudal Age
11:17 Loom
16:50 Double-Bit Axe
17:17 Horse Collar
23:02 Castle Age
21:54 Gold Mining
24:43 Wheelbarrow
25:38 Fletching
27:00 Bow Saw
31:03 Steppe Husbandry
33:08 Bloodlines
32:18 Light Cavalry
35:26 Bodkin Arrow
35:32 Padded Archer Armor
36:03 Hand Cart
35:34 Town Watch
38:47 Imperial Age
38:06 Forging
38:12 Leather Archer Armor
38:02 Scale Barding Armor
38:42 Murder Holes
39:08 Ballistics
40:49 Iron Casting
40:45 Ring Archer Armor
40:29 Hussar
43:28 Chemistry
42:48 Cavalier
45:36 Conscription
45:17 Cuman Mercenaries
48:12 Paladin
51:07 Blast Furnace
50:28 Chain Barding Armor
58:51 Plate Barding Armor
りしれ供さ小
11:15 Loom
11:43 Loom
13:43 Feudal Age
19:05 Castle Age
18:18 Bloodlines
18:34 Double-Bit Axe
19:05 Fletching
19:54 Scale Barding Armor
20:31 Husbandry
24:43 Padded Archer Armor
28:07 Wheelbarrow
32:31 Fishing Lines
33:25 Gold Mining
33:25 Stone Mining
35:23 Stone Mining
36:32 Forging
36:59 Town Watch
37:53 Bow Saw
38:35 Bodkin Arrow
38:56 Leather Archer Armor
40:10 Chain Barding Armor
40:26 Iron Casting
39:44 Light Cavalry
41:15 Ballistics
40:50 Murder Holes
41:01 Thumb Ring
41:51 Iron Casting
42:00 Sanctity
41:54 Fervor
41:44 Devotion
41:47 Tuntian
41:32 Horse Collar
41:46 Gillnets
41:40 Treadmill Crane
45:09 Gold Shaft Mining
45:09 Stone Shaft Mining
49:02 Imperial Age
46:48 Guard Tower
47:08 Masonry
53:32 Imperial Age
51:18 Hand Cart
53:50 Heavy Hei Guang Cavalry
56:09 Hussar
57:36 Conscription
58:53 Theocracy
59:06 Heavy Plow
60:46 Hoardings
沒讀書嘛
10:41 Loom
16:14 Feudal Age
19:29 Double-Bit Axe
19:31 Fishing Lines
21:53 Castle Age
22:32 Crossbowman
23:40 Fletching
23:52 Padded Archer Armor
25:27 Thumb Ring
27:25 Wheelbarrow
27:11 Leather Archer Armor
28:53 Treadmill Crane
29:34 Ballistics
35:02 Forging
34:53 Scale Mail Armor
37:14 Horse Collar
41:20 Imperial Age
38:32 Pikeman
39:41 Heavy Plow
40:30 Murder Holes
41:34 Hand Cart
42:46 Paper Money
42:48 Halberdier
44:36 Iron Casting
44:16 Chain Mail Armor
46:23 Chemistry
45:36 Elite Fire Lancer
48:23 Squires
48:09 Arson
51:30 Plate Mail Armor
Connection lost

Rejoining the realm…

Still unreachable

The connection could not be restored.

Session expired

The server has moved on; the page needs a fresh start.